 Dungeon Crawl Stone Soup version 0.14.0-15-g6b16f67 (webtiles) character file.

84 Kejsarherre the Digger (level 3, -2/24 HPs)
             Began as a Formicid Earth Elementalist on Apr 18, 2014.
             Slain by Terence
             ... wielding a +0,+0 flail
              (10 damage)
             ... on Level 2 of the Dungeon.
             The game lasted 00:03:27 (1072 turns).

Kejsarherre the Digger (FoEE)                       Turns: 1072, Time: 00:03:27

HP  -2/24        AC  3     Str 12      XL: 3   Next: 95%
MP   8/8         EV 12     Int 15      God:
Gold 38          SH  0     Dex 11      Spells:  1 memorised,  7 levels left

rFire  . . .     SeeInvis +     b - 41 stones
rCold  . . .     Clarity  .     c - +0 robe
rNeg   . . .     Conserve .     (no shield)
rPois  .         rCorr    .     (helmet unavailable)
rElec  .         rRot     .     f - +0 cloak
SustAb . .       Spirit   .     (no gloves)
rMut   .         Warding  .     (no boots)
Saprov . . .     Stasis   +     (no amulet)
MR     .....                    (no ring)
                                (no ring)

@: not resistant to hostile enchantments, fairly stealthy
A: permanent stasis, dig shafts and tunnels, four strong arms, antennae 3
a: Dig, Shaft Self


You were on level 2 of the Dungeon.
You were not hungry.

You visited 1 branch of the dungeon, and saw 2 of its levels.

You collected 38 gold pieces.

Inventory:

Hand weapons
 g - a +0,+0 dagger
Missiles
 b - 41 stones (in hand)
Armour
 c - a +0 robe (worn)
 f - a +0 cloak (worn)
Comestibles
 a - 2 bread rations
Scrolls
 e - a scroll of identify {unknown}
 h - 3 scrolls of remove curse {unknown}
 i - a scroll of fog {unknown}
 j - a scroll of blinking {unknown}
 m - a scroll of enchant weapon I {unknown}
 n - a scroll of enchant armour {unknown}
Potions
 k - a potion of degeneration {unknown}
 l - a potion of poison {unknown}
Books
 d - a book of Geomancy

   Spells                             Type                      Level
   *Sandblast                         Earth                        1
   Stoneskin                          Transmutation/Earth          2
   Passwall                           Transmutation/Earth          3
   Stone Arrow                        Conjuration/Earth            3
   Petrify                            Transmutation/Earth          4
   Lee's Rapid Deconstruction         Earth                        5


   Skills:
 - Level 1.7 Dodging
 + Level 3.2 Stealth
 - Level 3.0 Spellcasting
   Level 1.1 Transmutations
 + Level 4.4 Earth Magic


You had 7 spell levels left.
You knew the following spells:

 Your Spells              Type           Power        Failure   Level  Hunger
a - Sandblast             Erth           ###...       3%          1    #......


Dungeon Overview and Level Annotations

Branches:
Dungeon (2/15)

Altars:

Annotations:
D:2 Ijyb, Terence


Innate Abilities, Weirdness & Mutations

Your are under a permanent stasis effect.
You can dig through walls and to a lower floor.
Your four strong arms can wield two-handed weapons with a shield.
You have a pair of large antennae on your head (SInv).


Message History

Terence hits you with a flail. Terence barely misses you.
You see here a robe.
Terence hits you with a flail. Terence closely misses you.
Terence closely misses you. Terence barely misses you.
Terence shouts, "Get ready for death!"
Terence hits you with a flail. Terence barely misses you.
Terence hits you with a flail.
Terence shouts, "DIE!!!"
Terence hits you with a flail.
Things that are here:
a rotting jackal corpse; a club; a rotting hobgoblin corpse Terence is no longer moving quickly.
Terence zaps a wand.
Terence seems to speed up.
Terence hits you with a flail. Terence hits you with a flail!
You die...

....>.......# #..#
.#..........# #..#
.#..........# #..#
.#..........# #..#
.########.#######..#
...........%.......#
.########.######.<.##
.# #.# #@...# .# #.#
#@(..# .# #.# #....#
.. ..# #....# .# ###
#.#### .#
##########.####### .
..........)......#
#########........#
#......%.# #.<......#


You could see Terence.

Vanquished Creatures
  An adder (D:2)
  A giant mite (D:2)
  4 goblins
  6 hobgoblins
  3 jackals (D:2)
  5 bats
  2 giant cockroaches (D:1)
  4 kobolds
  2 rats
28 creatures vanquished.

Notes
Turn   | Place    | Note
--------------------------------------------------------------
     0 | D:1      | Kejsarherre, the Formicid Earth Elementalist, began the quest for the Orb.
     0 | D:1      | Reached XP level 1. HP: 13/13 MP: 3/3
   242 | D:1      | Reached XP level 2. HP: 8/19 MP: 0/6
   696 | D:2      | Reached skill level 4 in Earth Magic
   700 | D:2      | Reached XP level 3. HP: 21/24 MP: 3/8
  1029 | D:2      | Noticed Ijyb
  1030 | D:2      | Noticed Terence
  1072 | D:2      | Slain by Terence

Action                   || total
-------------------------++-------
Melee: Unarmed           ||    25
       Dagger            ||    71
 Cast: Sandblast         ||    42
  Use: Potion            ||     1
 Stab: Sleeping          ||     1
